 Dungeon Crawl Stone Soup version 0.31.0-11-ge490571c62 (webtiles) character file.

Game seed: 630549190386567647

420 qw the Shooter (level 6, -1/32 HPs)
             Began as a Spriggan Hunter on Feb 4, 2024.
             Slain by a bullfrog (7 damage)
             ... in a sewer.
             The game lasted 00:00:13 (2578 turns).

qw the Shooter (Spriggan Hunter)                    Turns: 2578, Time: 00:00:13

Health: -1/32      AC:  5    Str:  7    XL:     6   Next: 62%
Magic:  7/7        EV: 21    Int: 10    God:
Gold:   172        SH:  0    Dex: 21    Spells: 5/5 levels left

rFire   . . .        g - +0 orcbow
rCold   . . .        (shield currently unavailable)
rNeg    . . .        c - +0 robe
rPois   .            (helmet restricted)
rElec   .            e - +2 cloak
rCorr   .            (gloves unavailable)
SInv    +            (boots unavailable)
Will    +....        (no amulet)
Stlth   +            (no ring)
HPRegen 0.25/turn    (no ring)
MPRegen 0.10/turn

%: random rage (3%)
@: slow
A: very small, no large weapons, unfitting armour, see invisible, speed 3,
talons 1, berserk 1
a: no special abilities


You were in a sewer.
You visited 1 branch of the dungeon, and saw 4 of its levels.
You also visited: Sewer.

You collected 172 gold pieces.


Innate Abilities, Weirdness & Mutations

You are very small and have problems with some larger weapons.
You are too small for most types of armour.
You have supernaturally acute eyesight. (SInv)
You cover ground extremely quickly. (Speed+++)
You have sharp toenails.
You sometimes lose your temper in combat.


   Skills:
 - Level 2.7 Fighting
 + Level 6.2 Ranged Weapons
 - Level 6.0 Dodging
 - Level 1.5 Stealth


You had 5 spell levels left.
You didn't know any spells.
Your spell library was empty.

Inventory:

Hand Weapons
 g - a +0 orcbow (weapon)
Armour
 c - a +0 robe (worn)
 e - a +2 cloak (worn)
Wands
 d - a wand of charming (13)
Scrolls
 f - 3 scrolls of identify
 j - a scroll of revelation {unknown}
Potions
 a - 2 potions of curing {unknown}
 b - a potion of enlightenment
 h - a potion of degeneration {unknown}
 i - 2 potions of brilliance {unknown}
 k - a potion of heal wounds {unknown}

Dungeon Overview and Level Annotations

Branches:
Dungeon (4/15)              Sewer (1/1)
 Temple: D:4-7

Altars:

Shops:
D:1 (   D:3 (


Message History

The bullfrog is heavily wounded.
The bullfrog hits you. The bullfrog misses you.
You shoot an arrow. The arrow closely misses the bullfrog.
The bullfrog hits you. The bullfrog barely misses you.
The bullfrog closely misses you.
The bullfrog hits you but does no damage.
You shoot an arrow. The arrow closely misses the bullfrog.
The arrow barely misses the frilled lizard.
The bullfrog hits you.
The bullfrog hits you but does no damage.
The bullfrog misses you. The bullfrog hits you.
You shoot an arrow. The arrow closely misses the bullfrog.
The bullfrog closely misses you. The bullfrog misses you.
The frilled lizard closely misses you. The bullfrog completely misses you.
The bullfrog hits you but does no damage.
You shoot an arrow. The arrow closely misses the bullfrog.
The bullfrog barely misses you. The bullfrog hits you.
The frilled lizard bites you.
The bullfrog hits you but does no damage.
You shoot an arrow. The arrow barely misses the bullfrog.
The bullfrog barely misses you. The frilled lizard closely misses you.
The bullfrog misses you. x2
You shoot an arrow. The arrow hits the bullfrog.
The bullfrog is heavily wounded.
The bullfrog closely misses you. The bullfrog hits you.
The frilled lizard bites you but does no damage.
The bullfrog hits you but does no damage.
The bullfrog misses you. The frilled lizard barely misses you.
You shoot an arrow.
The arrow hits the bullfrog but does no damage.
The bullfrog is heavily wounded.
The bullfrog misses you. The bullfrog hits you.
The bullfrog completely misses you.
The frilled lizard unfolds its giant frill.
The frilled lizard bites you. The bullfrog completely misses you.
You shoot an arrow. The arrow barely misses the bullfrog.
The bullfrog hits you. The bullfrog barely misses you.
The frilled lizard completely misses you.
The bullfrog misses you. The bullfrog hits you!
You die...

##.....
#... ..+
#......
#......#
##......
#......
#......#
#..~~.##
#.~.~.##
#~~~#~~#
#~~~~~~#
#~~~~~~#
#~~~~~~#
#~~lFF~#
#~~~~~~#
#~~~@~~#
#~~~~~~#
#~~~~~~#
#~~~~~~#
#~~~~~~#
#~~~~~~#
#~.~~~~#
#~~~~~~#
#~.~~~~#
#~~.~.~#
#~~#~~~#
#~~.[.~#
#~#~~~~#
#~~~~~##
#~~~~~~#
#~~~~~~#
#~~~~~~#
#~~~~~~#


You could see 2 bullfrogs and a frilled lizard.

Vanquished Creatures
  2 scorpions (D:4)
  A hound (D:3)
  An orc priest (D:4)
  An orc wizard (D:4)
  A river rat (Sewer)
  9 adders
  4 ribbon worms
  2 dart slugs
  7 orcs
  6 bats
  10 endoplasms
  5 giant cockroaches
  5 hobgoblins
  4 jackals
  3 quokkas
  19 ball pythons
  5 frilled lizards
  6 goblins
  5 kobolds
  26 rats
122 creatures vanquished.

Notes
Turn   | Place    | Note
-------+----------+-------------------------------------------
     0 | D:1      | qw the Spriggan Hunter began the quest for the Orb.
     0 | D:1      | Reached XP level 1. HP: 10/10 MP: 2/2
     0 | D:1      | 0 ||| qw: Version: 0.3-a-160-g6735b56
     0 | D:1      | 0 ||| qw: Game counter: 5714
     0 | D:1      | 0 ||| qw: Melee chars always use a shield: true
     0 | D:1      | 0 ||| qw: God list: Okawaru
     0 | D:1      | 0 ||| qw: Allow faded altars: false
     0 | D:1      | 0 ||| qw: Do Orc after clearing Dungeon:15 true
     0 | D:1      | 0 ||| qw: Do second Lair branch before Depths: true
     0 | D:1      | 0 ||| qw: Lair rune preference: random
     0 | D:1      | 0 ||| qw: Goals: Normal
     0 | D:1      | 0 ||| PLANNING D:1-11
    88 | D:1      | Reached skill level 3 in Dodging
   135 | D:1      | Reached XP level 2. HP: 14/14 MP: 3/3
   237 | D:1      | Found Usyuts's Weapon Boutique.
   250 | D:1      | 250 ||| SHOPLISTING +1 shortbow of draining (136 gold, have
                  | 6).
   250 | D:1      | 250 ||| SHOPLISTING +5 arbalest (346 gold, have 6).
   327 | D:1      | Found a faded altar of an unknown god.
   386 | D:1      | 386 ||| DROPPING ring of flight.
   387 | D:1      | 387 ||| READING 2 scrolls labelled SIOHOEMIUSH.
   388 | D:1      | 388 ||| DROPPING scroll of butterflies.
   477 | D:2      | Reached XP level 3. HP: 18/18 MP: 4/4
  1044 | D:2      | 1044 ||| READING 3 scrolls of identify.
  1044 | D:2      | 1044 ||| IDENTIFYING glowing silvery potion
  1045 | D:2      | 1045 ||| READING 2 scrolls of identify.
  1045 | D:2      | 1045 ||| IDENTIFYING pink potion
  1046 | D:2      | 1046 ||| READING scroll of identify.
  1046 | D:2      | 1046 ||| IDENTIFYING scroll labelled VETACENUDGH
  1047 | D:2      | 1047 ||| DROPPING scroll of fog.
  1048 | D:2      | 1048 ||| DROPPING potion of berserk rage.
  1192 | D:3      | Reached XP level 4. HP: 22/22 MP: 5/5
  1400 | D:3      | Found Cepacwaf's Antique Weapon Shop.
  1403 | D:3      | 1403 ||| SHOPLISTING runed arbalest (165 gold, have 102).
  1795 | D:3      | 1795 ||| UPGRADING to +1 cloak.
  1800 | D:3      | 1800 ||| READING scroll labelled XOETUM VELATRI.
  1800 | D:3      | 1800 ||| ENCHANTING +0 shortbow.
  1801 | D:3      | 1801 ||| READING scroll labelled LUMY WEEVU.
  1804 | D:3      | 1804 ||| READING scroll labelled TUBBOE YPSEMO.
  1804 | D:3      | 1804 ||| ENCHANTING +1 cloak.
  1807 | D:4      | 1807 ||| PLANNING SEWER
  1852 | D:4      | Noticed a scorpion
  1857 | D:4      | Killed a scorpion
  1858 | D:4      | Reached XP level 5. HP: 27/27 MP: 6/6
  1900 | D:4      | 1900 ||| DRINKING puce potion.
  1900 | D:4      | Gained mutation: You have sharp toenails. [potion of
                  | mutation]
  1900 | D:4      | Gained mutation: You sometimes lose your temper in combat.
                  | [potion of mutation]
  1901 | D:4      | 1901 ||| DRINKING fizzy sapphire potion.
  1902 | D:4      | 1902 ||| DRINKING red potion.
  1903 | D:4      | 1903 ||| DRINKING fizzy blue potion.
  1904 | D:4      | 1904 ||| DRINKING cyan potion.
  2073 | D:4      | Reached skill level 6 in Ranged Weapons
  2073 | D:4      | Reached XP level 6. HP: 32/32 MP: 7/7
  2291 | D:4      | 2291 ||| SWAPPING to +0 orcbow.
  2292 | D:4      | 2292 ||| DROPPING +1 shortbow.
  2319 | D:4      | Found a glowing drain.
  2346 | Sewer    | Entered a sewer
  2487 | Sewer    | Reached skill level 6 in Dodging
  2578 | Sewer    | HP: 6/32 [bullfrog (3)]
  2578 | Sewer    | Slain by a bullfrog

Levels and vault maps discovered:
D:1:      dpeg_arrival_tiny_k, layout_basic, serial_shops, shop,
          hellmonk_ecumenical_altar_arch_garden
D:2:      layout_loops_ring
D:3:      minmay_inner_zag, layout_basic, serial_shops,
          nicolae_shop_tiny_real_fake_doors
D:4:      layout_loops_ring, serial_bayou, serial_bayou_crossing,
          serial_bayou_pond_d, serial_bayou_pond_b, serial_bayou_pond_c,
          serial_bayou_pond_c, serial_bayou_pond_d, cheibrodos_sewer_entry_bend,
          serial_bayou_lagoon_a, minmay_strange_pillars
Sewer:    sewer_minmay_w

Skill      XL: |  1  2  3  4  5  6 |
---------------+-------------------+-----
Dodging        | 3 4 5 6 |  6.0
Ranged Weapons | 5 6 |  6.2
Fighting       | 2 |  2.7
Stealth        | |  1.5

Action                     |  1- 3 |  4- 6 || total
---------------------------+-------+-------++-------
   Fire: Shortbow          |    85 |   113 ||   198
         Orcbow            |       |   107 ||   107
    Use: Scroll            |     4 |     3 ||     7
         Potion            |       |     5 ||     5
 Armour: Robe              |     2 |    49 ||    51
         Skin              |       |    33 ||    33
  Dodge: Dodged            |     8 |   179 ||   187

Table legend:
 A = Non-vault XP
 B = Vault XP
 C = Vault XP percentage of total XP
 D = Non-vault monster count
 E = Vault monster count
 F = Vault count percentage of total count
                 A         B        C        D         E       F
            +---------+---------+-------+---------+---------+-------
      Total |     406 |     195 |  32.4 |      73 |      49 |  40.2
            +---------+---------+-------+---------+---------+-------
        D:1 |      31 |       0 |   0.0 |      20 |       0 |   0.0
        D:2 |      56 |       0 |   0.0 |      19 |       0 |   0.0
        D:3 |      26 |      63 |  70.8 |      12 |       6 |  33.3
        D:4 |     293 |      22 |   7.0 |      22 |       8 |  26.7
      Sewer |       0 |     110 | 100.0 |       0 |      35 | 100.0
            +---------+---------+-------+---------+---------+-------
